AoeStats
← alecaruso71

Nomad

509322413Analyzed
2v2 RM · 6d ago on Sep 26, 2026· 31m 4s· 4 players
Game mode
Random Map
Map size
176×176
Population
200
Speed
Normal
Resources
Standard
Victory
Conquest
Starting age
Dark Age
Ending age
Imperial Age
RankedLock teamsTeams togetherTeam positionsShared explorationLock speedFull tech treeHidden civsTurbo modeCheats
Victory
Defeat
🇩🇪 Spanish · Germany
1033
+14
🇺🇸 Franks · United States
1023
+15
🇪🇸 Cumans · Spain
1025
-16
🇪🇸 Mongols · Spain
961
-39
alecaruso71
2:48 Loom
8:23 Loom
9:54 Loom
18:04 Feudal Age
19:22 Wheelbarrow
19:05 Horse Collar
20:38 Double-Bit Axe
21:20 Fletching
21:53 Gold Mining
21:54 Stone Mining
24:33 Castle Age
23:53 Wheelbarrow
25:17 Padded Archer Armor
26:42 Scale Barding Armor
S0L4N44
24:57 Feudal Age
26:27 Horse Collar
26:37 Double-Bit Axe
27:51 Wheelbarrow
27:11 Fishing Lines
#Tsch
5:42 Loom
13:22 Feudal Age
13:52 Double-Bit Axe
14:56 Fishing Lines
19:41 Castle Age
18:54 Wheelbarrow
19:29 Stone Mining
21:02 Town Watch
21:12 Gold Mining
22:11 Bow Saw
22:43 Stone Shaft Mining
23:40 Horse Collar
25:27 Fletching
27:32 Hand Cart
28:14 Bodkin Arrow
28:21 Padded Archer Armor
29:20 Heavy Plow
Jundi Leads
13:59 Feudal Age
12:55 Loom
22:33 Castle Age
20:39 Double-Bit Axe
21:32 Wheelbarrow
24:28 Bow Saw
25:20 Hand Cart
25:40 Pikeman
30:16 Scale Mail Armor
Connection lost

Rejoining the realm…

Still unreachable

The connection could not be restored.

Session expired

The server has moved on; the page needs a fresh start.